 Dungeon Crawl Stone Soup version 0.27-a0-320-g81d27af2d4 (webtiles) character file.

Game seed: 14116128481794981805

16 Lanoc the Ducker (level 2, -3/21 HPs)
             Began as a Halfling Monk on Feb 10, 2021.
             Slain by a gnoll
             ... wielding a +0 club
              (11 damage)
             ... on level 1 of the Dungeon.
             The game lasted 00:00:51 (1282 turns).

Lanoc the Ducker (Halfling Monk)                    Turns: 1282, Time: 00:00:52

Health: -3/21      AC:  2    Str: 12    XL:     2   Next: 70%
Magic:  2/2        EV: 16    Int:  8    God:
Gold:   16         SH:  0    Dex: 16    Spells: 1/1 levels left

rFire    . . .     SeeInvis .   a - +0 short sword
rCold    . . .     Faith    .   (shield restricted)
rNeg     . . .     Spirit   .   b - +0 robe
rPois    .         Reflect  .   (no helmet)
rElec    .         Harm     .   (no cloak)
rCorr    .         Rampage  .   (no gloves)
Will     .....                  (no boots)
Stlth    ++........             (no amulet)
HPRegen  0.07/turn              (no ring)
MPRegen  0.08/turn              (no ring)

@: no status effects
A: small, mutation resistance 1
a: no special abilities


You were on level 1 of the Dungeon.
You visited 1 branch of the dungeon, and saw 1 of its levels.

You collected 16 gold pieces.

Inventory:

Hand Weapons
 a - a +0 short sword (weapon)
Missiles
 f - 14 sling bullets
Armour
 b - a +0 robe (worn)
Potions
 c - a potion of ambrosia {unknown}
 d - a potion of magic {unknown}
 e - a potion of lignification {unknown}
 g - 2 potions of brilliance {unknown}


   Skills:
 + Level 3.1 Fighting
 - Level 3.6 Short Blades
 + Level 3.8 Dodging
 - Level 2.1 Stealth


You had one spell level left.
You didn't know any spells.
Your spell library was empty.

Dungeon Overview and Level Annotations

Branches:
Dungeon (1/15)

Altars:


Innate Abilities, Weirdness & Mutations

You are small and have problems with some larger weapons.
You are somewhat resistant to further mutation.


Message History

You see here a frilled lizard corpse.
There is an open door here.
You see here a bat skeleton.
There is an open door here.
There is an escape hatch in the floor here.
You open the door.
There is an open door here.
There is an open door here.
You see here 8 poisoned darts.
Found a dagger.
A gnoll comes into view. It is wielding a +0 club.
You barely miss the gnoll. The gnoll misses you.
You hit the gnoll.
The gnoll is moderately wounded.
The gnoll closely misses you.
You hit the gnoll.
The gnoll is moderately wounded.
The gnoll hits you with a +0 club.
You hit the gnoll.
The gnoll is severely wounded.
The gnoll misses you.
You barely miss the gnoll.
The gnoll is severely wounded.
You hit the gnoll but do no damage.
The gnoll is severely wounded.
The gnoll hits you with a +0 club!
You are too injured to fight recklessly!
You are too injured to fight recklessly!
You are too injured to fight recklessly!
You hit the gnoll.
The gnoll is almost dead.
The gnoll completely misses you.
You barely miss the gnoll.
The gnoll is almost dead.
The gnoll misses you.
You hit the gnoll but do no damage.
The gnoll is almost dead.
The gnoll hits you with a +0 club!
Ouch! That really hurt!
You die...

#. #. #. ###+#### ####
##. #......# #### ...#
.. #..##......######.#.
...#
....#.#.#.#.#.#.#.#.#.#.
...#
........................
...#
...#.#@#.#.#.#.#.#.#.#.
...#
......g.................
...#
....#.#.#.#.#>#.#.#.#.#.
..†# ..
#..#.####....##.#.#.
##.# ...#. #....##.#.#.
#.# ....
......#'###.#.#. #.# ..
.. ......#.###.#.#. #.#
#..... .... #.#...#.#.
#.# +## #.#.###.#.


You could see a gnoll.

Vanquished Creatures
  A giant cockroach (D:1)
  2 goblins (D:1)
  5 jackals (D:1)
  A ball python (D:1)
  2 bats (D:1)
  2 frilled lizards (D:1)
  A kobold (D:1)
14 creatures vanquished.

Notes
Turn   | Place    | Note
-------+----------+-------------------------------------------
     0 | D:1      | Lanoc the Halfling Monk began the quest for the Orb.
     0 | D:1      | Reached XP level 1. HP: 15/15 MP: 1/1
   323 | D:1      | Reached XP level 2. HP: 12/20 MP: 2/2
  1282 | D:1      | Slain by a gnoll

Illustrated notes

Levels and vault maps discovered:
D:1:      wheals_arrival_linesprint, layout_basic, st_stairs_13,
          roderic_serpentine_path

Skill      XL: |  1  2 |
---------------+-------+-----
Fighting       | 3 |  3.1
Short Blades   | |  3.6
Dodging        | |  3.8
Stealth        | |  2.1

Action                   || total
-------------------------++-------
Melee: Short sword       ||    63
 Stab: Sleeping          ||     2
Armor: Robe              ||     7
Dodge: Dodged            ||    48

Table legend: (Time is in decaauts)
 A = Elapsed time spent in this place.
 B = Non-inter-level travel time spent in this place.
 C = Inter-level travel time spent in this place.
 D = Time resting spent in this place.
 E = Time spent auto-exploring this place.
 F = Levels seen in this place.
 G = Mean time per level.
                   A        B        C        D        E       F      G
               +--------+--------+--------+--------+--------+-----+--------+
         Total |   1277 |   1253 |     24 |      0 |   1148 |   1 | 1277.0 |
       Dungeon |   1277 |   1253 |     24 |      0 |   1148 |   1 | 1277.0 |
               +--------+--------+--------+--------+--------+-----+--------+

Top non-repeatable levels by time:
     D:1: 1277 daAuts
